 Dungeon Crawl Stone Soup version 0.20.2-3-g29329e0561 (webtiles) character file.

3914 Alfie the Archer (level 10, 0/88 HPs)
             Began as a Minotaur Hunter on May 25, 2020.
             Slain by a three-headed hydra (5 damage)
             ... on level 8 of the Dungeon.
             The game lasted 00:23:28 (6085 turns).

Alfie the Archer (Minotaur Hunter)                  Turns: 6085, Time: 00:23:29

Health: 0/88       AC: 11    Str: 20    XL:     10   Next: 1%
Magic:  9/9        EV: 12    Int:  8    God:
Gold:   285        SH:  0    Dex: 11    Spells: 3/9 levels left

rFire    . . .     SeeInvis +   a - +2 shortbow
rCold    + . .     Gourm    .   (shield currently unavailable)
rNeg     . . .     Faith    .   k - +2 ring mail {rC+}
rPois    .         Spirit   .   (helmet restricted)
rElec    .         Reflect  .   e - +1 cloak {MR+}
rCorr    .         Harm     .   E - +0 pair of gloves
MR       +....                  (no boots)
Stlth    +.........             (no amulet)
Regen    0.3/turn               n - ring of see invisible
MPRegen  0.2/turn               (no ring)

@: no status effects
A: retaliatory headbutt, horns 2
a: no special abilities


You were on level 8 of the Dungeon.
You were not hungry.

You visited 1 branch of the dungeon, and saw 8 of its levels.

You collected 285 gold pieces.

Inventory:

Hand Weapons
 a - a +2 shortbow (weapon)
 b - a +1 short sword
Missiles
 d - 58 arrows (quivered)
 q - a throwing net
Armour
 e - a +1 cloak of magic resistance (worn)
 k - a +2 ring mail of cold resistance (worn)
 E - a +0 pair of gloves (worn)
Jewellery
 n - a ring of see invisible (left hand)
 t - an uncursed amulet of faith {unknown}
Wands
 g - a wand of flame (44/48)
 s - a wand of random effects (34/48)
 B - a wand of scattershot (5/9)
 C - a wand of polymorph (9/24)
Scrolls
 h - 3 scrolls of remove curse
 i - 2 scrolls of amnesia
 m - a scroll of teleportation
 p - a scroll of fear
 u - 2 scrolls of identify
 w - a scroll of enchant armour
Potions
 j - a potion of brilliance {unknown}
 l - a potion of lignification {unknown}
 r - a potion of flight {unknown}
 z - a potion of resistance
Books
 c - the Volume of Malediction and the Snowflakes
   (You found it on level 5 of the Dungeon)

   Spells                             Type                      Level
   a - Portal Projectile              Hexes/Translocation          3
   b - Bolt of Cold                   Conjuration/Ice              6
   c - Darkness                       Hexes                        6
Comestibles
 f - a bread ration
 o - 3 meat rations
 v - 12 fruits
 A - 5 royal jellies


   Skills:
 + Level 8.2 Fighting
 + Level 2.7 Short Blades
 + Level 12.5 Bows
 + Level 4.9 Armour
 + Level 4.3 Dodging
 + Level 2.0 Stealth


You had 3 spell levels left.
You knew the following spells:

 Your Spells              Type           Power        Failure   Level  Hunger
a - Bolt of Cold          Conj/Ice       #.........   100%        6    #######


Dungeon Overview and Level Annotations

Branches:
Dungeon (8/15)             Temple (0/1) D:6
   Lair: D:8-11

Altars:
Okawaru
Qazlal
Vehumet
Yredelemnul
The Shining One

Annotations:
D:6 exclusion: statue


Innate Abilities, Weirdness & Mutations

You reflexively headbutt those who attack you in melee.
You have a pair of horns on your head.


Message History

The three-headed hydra is heavily wounded.
The three-headed hydra bites you!
The three-headed hydra bites you but does no damage.
The three-headed hydra closely misses you.
Firing (i - inventory. (,) - cycle):
d - 60 arrows (quivered)
Press: ? - help, Shift-Dir - straight line, f/p - big kobold
Aim: a big kobold, wielding an enchanted dagger (lightly wounded)
You shoot an arrow. The arrow hits the three-headed hydra.
The three-headed hydra is heavily wounded.
Firing (i - inventory. (,) - cycle):
d - 59 arrows (quivered)
Press: ? - help, Shift-Dir - straight line, f/p - big kobold
Aim: a big kobold, wielding an enchanted dagger (lightly wounded)
You shoot an arrow.
The arrow barely misses the three-headed hydra.
The arrow barely misses the big kobold.
The three-headed hydra bites you!
* * * LOW HITPOINT WARNING * * *
The three-headed hydra bites you!
* * * LOW HITPOINT WARNING * * *
The three-headed hydra bites you.
You die...

####.#.#.######(######.#
.....#.#># #.≈.†.≈PP#..#
....##.#.. #......≈P####
<##.##.....#.....P≈≈#
.##.#### #.#..P..≈≈P#
.##.# #.....P≈.#########
..#.# ##'''###+#.......#
..... #.....#.)#######.#
..#.# #....@DK(# #.#####
.##.# ########## #......
....# #######


You could see a three-headed hydra and a big kobold.

Vanquished Creatures
  An unseen horror (D:8)
  2 dream sheep (D:8)
  Sigmund (D:6)
  2 yaks (D:8)
  An orc warrior (D:8)
  A black bear (D:8)
  The ghost of Alfie the Shooter, an amateur MiHu (D:3)
  4 centaurs
  2 ogres
  A crocodile (D:8)
  3 big kobolds
  2 bullfrogs (D:7)
  5 scorpions
  3 howler monkeys
  6 orc priests
  7 jellies
  2 hounds
  2 orc wizards
  3 bullfrog skeletons
  3 iguanas
  6 worker ants
  2 worker ant zombies
  5 gnolls
  8 adders
  A shadow imp (D:8)
  3 oozes
  An adder skeleton (D:4)
  4 worms
  5 dart slugs
  3 leopard geckos
  10 orcs
  2 ball pythons
  8 bats
  7 giant cockroaches
  7 goblins
  6 hobgoblins
  5 jackals (D:4)
  8 kobolds
  A quokka (D:5)
  3 frilled lizards
  A leopard gecko skeleton (D:6)
  A leopard gecko zombie (D:7)
  6 rats
  A fungus (D:8)
156 creatures vanquished.

Vanquished Creatures (others)
  2 fungi (D:8)
2 creatures vanquished.

Grand Total: 158 creatures vanquished

Notes
Turn   | Place    | Note
-------+----------+-------------------------------------------
     0 | D:1      | Alfie the Minotaur Hunter began the quest for the Orb.
     0 | D:1      | Reached XP level 1. HP: 18/18 MP: 0/0
   247 | D:1      | Reached XP level 2. HP: 25/25 MP: 1/1
   269 | D:1      | Reached skill level 5 in Bows
   739 | D:1      | Reached XP level 3. HP: 30/30 MP: 2/2
  1474 | D:2      | Reached XP level 4. HP: 37/37 MP: 3/3
  1631 | D:2      | Reached skill level 6 in Bows
  2123 | D:3      | Reached skill level 1 in Stealth
  2217 | D:3      | Found an iron altar of Okawaru.
  2218 | D:3      | Found a stormy altar of Qazlal.
  2244 | D:3      | Noticed Alfie's ghost (amateur MiHu)
  2261 | D:3      | Killed Alfie's ghost
  2261 | D:3      | Reached skill level 1 in Armour
  2261 | D:3      | Reached XP level 5. HP: 27/45 MP: 4/4
  2477 | D:3      | Noticed a centaur
  2482 | D:3      | Killed a centaur
  2482 | D:3      | Reached XP level 6. HP: 35/51 MP: 5/5
  2740 | D:4      | Reached skill level 7 in Bows
  2753 | D:4      | Reached skill level 1 in Short Blades
  3159 | D:4      | Reached XP level 7. HP: 31/58 MP: 6/6
  3503 | D:5      | Entered Level 5 of the Dungeon
  3517 | D:5      | Identified the Volume of Malediction and the Snowflakes
  3534 | D:5      | Learned a level 6 spell: Bolt of Cold
  3581 | D:5      | Reached skill level 8 in Bows
  3755 | D:5      | Reached XP level 8. HP: 31/67 MP: 7/7
  3758 | D:5      | Reached skill level 9 in Bows
  3763 | D:5      | Reached skill level 5 in Fighting
  4353 | D:6      | Noticed Sigmund
  4376 | D:6      | Killed Sigmund
  4376 | D:6      | Reached skill level 10 in Bows
  4435 | D:6      | Found a radiant altar of Vehumet.
  4520 | D:6      | Found a glowing golden altar of the Shining One.
  4525 | D:6      | Noticed an angel
  4657 | D:6      | Found a staircase to the Ecumenical Temple.
  4904 | D:6      | Found a basalt altar of Yredelemnul.
  5605 | D:8      | Noticed an unseen horror
  5618 | D:8      | Reached XP level 9. HP: 66/75 MP: 8/8
  5706 | D:8      | Reached skill level 11 in Bows
  5747 | D:8      | HP: 2/78 [orc priest/divine providence (14)]
  5893 | D:8      | Killed an unseen horror
  6008 | D:8      | Reached skill level 12 in Bows
  6032 | D:8      | Reached XP level 10. HP: 46/88 MP: 9/9
  6076 | D:8      | Noticed a three-headed hydra
  6085 | D:8      | Slain by a three-headed hydra

Skill      XL: |  1  2  3  4  5  6  7  8  9 |
---------------+----------------------------+-----
Bows           | 5 6 7 8 10 12 | 12.5
Stealth        | 1 2 |  2.0
Fighting       | 3 4 6 8 |  8.2
Armour         | 1 2 4 |  4.9
Dodging        | 3 4 |  4.3
Short Blades   | 1 2 |  2.7

Action                   |  1- 3 |  4- 6 |  7- 9 | 10-12 || total
-------------------------+-------+-------+-------+-------++-------
Melee: Short sword       |     4 |    59 |    18 |       ||    81
       Headbutt          |       |     8 |     3 |       ||    11
 Fire: Shortbow          |    80 |    70 |   360 |     9 ||   519
  Use: Scroll            |     5 |     5 |     9 |       ||    19
       Potion            |       |     3 |     7 |       ||    10
 Stab: Invisible         |       |     2 |       |       ||     2
  Eat: Bread ration      |     1 |     1 |     2 |       ||     4
Armor: Leather armour    |     5 |     2 |       |       ||     7
       Ring mail         |       |    31 |    50 |     2 ||    83
Dodge: Dodged            |    19 |    68 |    90 |     4 ||   181
